 Dungeon Crawl Stone Soup version 0.29-a0-557-g43b9904bd1 (webtiles) character file.

Game seed: 832462253903545870

1039 kae the Firebug (level 8, -8/41 HPs)
             Began as a Deep Elf Fire Elementalist on June 8, 2022.
             Was a Follower of Vehumet.
             Killed by divine providence
             ... invoked by an orc priest
              (17 damage)
             ... on level 5 of the Dungeon.
             The game lasted 00:03:08 (5251 turns).

kae the Firebug (Deep Elf Fire Elementalist)        Turns: 5251, Time: 00:03:09

Health: -8/41      AC:  6    Str:  5    XL:     8   Next: 4%
Magic:  14/19      EV: 12    Int: 26    God:    Vehumet [*.....]
Gold:   178        SH:  0    Dex: 15    Spells: 6/19 levels left

rFire   . . .      SeeInvis .   j - +1 dagger (venom)
rCold   . . .      Faith    .   (no shield)
rNeg    . . .      Spirit   .   a - +0 robe
rPois   .          Reflect  .   (no helmet)
rElec   +          Harm     .   g - +2 cloak of the Lotus Blossom {rElec Int+3}
rCorr   .          Rampage  .   (no gloves)
Will    .....                   k - +0 pair of boots
Stlth   ++........              (no amulet)
HPRegen 0.13/turn               (no ring)
MPRegen 0.16/turn               (no ring)

@: studying Axes
A: no striking features
a: Renounce Religion


You were on level 5 of the Dungeon.
You worshipped Vehumet.
Vehumet was aware of your devotion.
You visited 2 branches of the dungeon, and saw 6 of its levels.

You collected 178 gold pieces.

Inventory:

Hand Weapons
 j - a +1 dagger of venom (weapon)
Armour
 a - a +0 robe (worn)
 g - the +2 cloak of the Lotus Blossom (worn) {rElec Int+3}
   (You found it on level 2 of the Dungeon)

   Int:       It affects your intelligence (+3).
   rElec:     It insulates you from electricity.
 k - a +0 pair of boots (worn)
Wands
 q - a wand of charming (8)
Scrolls
 d - 6 scrolls of identify
 f - 3 scrolls of blinking
 h - 2 scrolls of teleportation
 i - 2 scrolls of immolation
 l - a scroll of amnesia {unknown}
 p - a scroll of noise {unknown}
 r - a scroll of vulnerability {unknown}
 t - 2 scrolls of enchant armour {unknown}
Potions
 b - a potion of magic
 c - 5 potions of curing
 e - 2 potions of heal wounds
 m - a potion of haste {unknown}
 n - a potion of resistance {unknown}
 o - 2 potions of flight {unknown}
 s - 2 potions of might {unknown}


   Skills:
 - Level 2.4 Dodging
 - Level 2.4 Stealth
 + Level 6.2 Spellcasting
 * Level 6.4 Conjurations
 * Level 7.2 Fire Magic


You had 6 spell levels left.
You knew the following spells:

 Your Spells              Type           Power      Damage    Failure   Level
a - Foxfire               Conj/Fire      100%       2x1d9     1%          1
b - Scorch                Fire           90%        2d9       1%          2
c - Conjure Flame         Conj/Fire      43%        6-21      1%          3
d - Inner Flame           Hex/Fire       27%        N/A       4%          3
e - Flame Wave            Conj/Fire      43%        2d9       4%          4

Your spell library contained the following spells:

 Spells                   Type           Power      Damage    Failure   Level
 Freeze                   Ice            32%        1d5       7%          1
 Magic Dart               Conj           100%       1d8       1%          1
 Stone Arrow              Conj/Erth      48%        3d10      5%          3
 Ignite Poison            Fire/Tmut/Pois 20%        N/A       8%          3
 Mephitic Cloud           Conj/Pois/Air  19%        N/A       9%          3
 Call Imp                 Summ           8%         N/A       11%         2
 Animate Armour           Summ/Erth      16%        N/A       56%         4
 Cause Fear               Hex            4%         N/A       56%         4
 Freezing Cloud           Conj/Ice/Air   9%         6-21      61%         5
 Discord                  Hex            4%         N/A       100%        8
 Lehudib's Crystal Spear  Conj/Erth      12%        10d4      100%        8


Dungeon Overview and Level Annotations

Branches:
Dungeon (5/15)             Temple (1/1) D:4

Altars:
Ashenzari
Cheibriados
Dithmenos
Elyvilon
Fedhas
Gozag
Hepliaklqana
Kikubaaqudgha
Makhleb
Nemelex Xobeh
Okawaru
Qazlal
Ru
Sif Muna
Trog
Uskayaw
Vehumet
Wu Jian
Xom
Yredelemnul
Zin
The Shining One

Shops:
D:2 (


Message History

You're too confused to cast spells.
You're too confused to cast spells.
You're too confused to cast spells.
You're too confused to cast spells.
You're too confused to cast spells.
An orc priest comes into view. It is wielding a +0 hand axe.
The orc priest shouts!
Something hits you but does no damage.
You're too confused to cast spells.
You feel less confused. The orc misses you.
You hear some strange, mumbled words.
You are confused.
You're too confused to cast spells.
You're too confused to cast spells.
The orc hits you with a +0 war axe.
You hear some strange, mumbled words.
Something tries to affect you, but you resist.
The orc barely misses you.
You hear some strange, mumbled words.
A magic dart appears from out of thin air!
The magic dart hits you. The orc hits you but does no damage.
Something hits you.
You hear some strange, mumbled words.
A magic dart appears from out of thin air!
The magic dart hits you. The orc closely misses you.
The orc priest looks satisfied for a moment.
Something hits you but does no damage. The orc hits you with a +0 war axe.
The orc priest invokes the aid of Beogh against you.
Pain shoots through your body!
You hear some strange, mumbled words.
Something tries to affect you, but you resist.
You feel less confused. The orc hits you with a +0 war axe.
* * * LOW HITPOINT WARNING * * *
The orc priest invokes the aid of Beogh against you.
Beogh smites you!
You die...

#...# ###...##### #.
........##
..##........##
.##..........#
##.##..........# #####
#.. #..........#
......#.###..........#
......o@$............#
......o{####.........#
.......## ##..........
.......####...........
#.###..#..............
. ...v.....(........
....####....>......
.!..#####.....([....
#...............#


You could see an orc priest and an orc.

Vanquished Creatures
  An ice beast (D:5)
  2 black bears
  An ogre (D:5)
  A necrophage (D:5)
  3 scorpions
  2 howler monkeys (D:5)
  A hound (D:5)
  4 jellies
  A gnoll shaman (D:4)
  4 gnolls (D:4)
  5 adders
  An ufetubus (D:4)
  3 worms
  2 dart slugs
  2 orcs (D:5)
  7 ball pythons
  7 endoplasms
  3 giant cockroaches
  10 goblins
  6 hobgoblins (D:1)
  9 jackals
  7 kobolds
  5 quokkas
  5 bats
  3 frilled lizards
  7 rats
102 creatures vanquished.

Vanquished Creatures (collateral kills)
  A foxfire (D:2)
1 creature vanquished.

Vanquished Creatures (others)
  356 foxfires
356 creatures vanquished.

Grand Total: 459 creatures vanquished

Notes
Turn   | Place    | Note
-------+----------+-------------------------------------------
     0 | D:1      | kae the Deep Elf Fire Elementalist began the quest for the
                  | Orb.
     0 | D:1      | Reached XP level 1. HP: 10/10 MP: 6/6
   361 | D:1      | Reached XP level 2. HP: 15/15 MP: 6/8
   860 | D:1      | Found a faded altar of an unknown god.
  1278 | D:1      | Reached XP level 3. HP: 19/19 MP: 6/9
  1281 | D:1      | Learned a level 2 spell: Scorch
  1285 | D:1      | Learned a level 3 spell: Conjure Flame
  1701 | D:2      | Found a burning altar of Makhleb.
  1858 | D:2      | Reached skill level 4 in Fire Magic
  1967 | D:2      | Identified the +2 cloak of the Lotus Blossom {rElec Int+3}
  2561 | D:2      | Reached XP level 4. HP: 24/24 MP: 5/11
  2619 | D:2      | Found Ezxetil's Weapon Shop.
  3428 | D:3      | You fall into a shaft and drop 1 floor!
  3502 | D:4      | Found a staircase to the Ecumenical Temple.
  3527 | Temple   | Entered the Ecumenical Temple
  3600 | Temple   | Became a worshipper of Vehumet
  3709 | D:4      | Noticed a black bear
  3716 | D:4      | Killed a black bear
  3717 | D:4      | Reached skill level 5 in Fire Magic
  3717 | D:4      | Reached XP level 5. HP: 28/28 MP: 7/13
  3884 | D:4      | Reached XP level 6. HP: 32/32 MP: 10/15
  4340 | D:4      | Found a hazy altar of Hepliaklqana.
  4485 | D:4      | Reached skill level 5 in Spellcasting
  4831 | D:5      | Entered Level 5 of the Dungeon
  4838 | D:5      | Reached * piety under Vehumet
  4838 | D:5      | Offered knowledge of Freeze by Vehumet.
  4839 | D:5      | Reached skill level 5 in Conjurations
  4839 | D:5      | Reached skill level 6 in Fire Magic
  4839 | D:5      | Reached XP level 7. HP: 36/36 MP: 11/16
  4849 | D:5      | Learned a level 3 spell: Inner Flame
  4854 | D:5      | Learned a level 4 spell: Flame Wave
  5178 | D:5      | Reached skill level 7 in Fire Magic
  5190 | D:5      | Reached XP level 8. HP: 41/41 MP: 7/19
  5251 | D:5      | Killed from afar by an orc priest

Illustrated notes

Levels and vault maps discovered:
D:1:      ncdulo_halloftheorcs, layout_basic, ebering_ecumenical_altar_box
D:2:      layout_basic, serial_shops, shop, basic_altar, serial_forest,
          infiniplex_forest_straight_2, infiniplex_forest_clump_large,
          infiniplex_forest_straight_4, infiniplex_forest_straight_1,
          infiniplex_forest_lined_2, infiniplex_forest_zigzag_1
D:3:      layout_basic
D:4:      layout_rooms, nzn_hepliaklqana_mist_gate, minmay_temple_entry_grid,
          minmay_strange_pillars
D:5:      layout_rooms
Temple:   grunt_wide_crystal_templ

Skill      XL: |  1  2  3  4  5  6  7 |
---------------+----------------------+-----
Conjurations   | 2 3 4 5 6 |  6.4
Fire Magic     | 4 5 6 7 |  7.2
Spellcasting   | 4 5 6 |  6.2
Dodging        | |  2.4
Stealth        | |  2.4

Action                   |  1- 3 |  4- 6 |  7- 9 || total
-------------------------+-------+-------+-------++-------
 Cast: Foxfire           |    90 |    81 |    36 ||   207
       Scorch            |     4 |     9 |     5 ||    18
  Use: Scroll            |     3 |     4 |       ||     7
Armor: Robe              |     3 |       |    12 ||    15
Dodge: Dodged            |    18 |    12 |    17 ||    47

Table legend: (Time is in decaauts)
 A = Elapsed time spent in this place.
 B = Non-inter-level travel time spent in this place.
 C = Inter-level travel time spent in this place.
 D = Time resting spent in this place.
 E = Time spent auto-exploring this place.
 F = Levels seen in this place.
 G = Mean time per level.
                   A        B        C        D        E       F      G
               +--------+--------+--------+--------+--------+-----+--------+
         Total |   5249 |   5088 |    161 |     15 |   4296 |   6 |  874.8 |
       Dungeon |   5171 |   5035 |    136 |     15 |   4259 |   5 | 1034.2 |
        Temple |     78 |     54 |     24 |      0 |     37 |   1 |   78.0 |
               +--------+--------+--------+--------+--------+-----+--------+

Top non-repeatable levels by time:
     D:1: 1588 daAuts
     D:2: 1275 daAuts
     D:4: 965 daAuts
     D:3: 922 daAuts
     D:5: 419 daAuts
  Temple: 78 daAuts
